 Dungeon Crawl Stone Soup version 0.19-a0-414-g76fec5b (webtiles) character file.

64 Skanax the Grave Robber (level 3, -1/24 HPs)
             Began as a Demonspawn Necromancer on May 31, 2016.
             Slain by a jackal (2 damage)
             ... on level 1 of the Dungeon.
             The game lasted 00:09:32 (1862 turns).

Skanax the Grave Robber (Demonspawn Necromancer)    Turns: 1862, Time: 00:09:33

Health: -1/24      AC:  3    Str:  8    XL:     3   Next: 91%
Magic:  0/7        EV: 12    Int: 17    God:
Gold:   40         SH:  0    Dex: 13    Spells: 3 memorised, 3 levels left

rFire  . . .     SeeInvis .     (no weapon)
rCold  . . .     Gourm    .     a - +0 robe
rNeg   . . .     Faith    .     (no shield)
rPois  .         Spirit   +     (no helmet)
rElec  .         Dismiss  .     (no cloak)
rCorr  .         Reflect  .     (no gloves)
SustAt .         Harm     .     g - +0 pair of boots
MR     +....                    (no amulet)
Stlth  ++........               (no ring)
                                n - ring of protection from magic

@: somewhat resistant to hostile enchantments, unstealthy
A: demonic guardian 1, magic shield
a: no special abilities


You were on level 1 of the Dungeon.
You were not hungry.

You visited 1 branch of the dungeon, and saw 2 of its levels.

You collected 40 gold pieces.

Inventory:

Hand Weapons
 m - a +0 hunting sling
Missiles
 d - 23 bolts
 j - 65 stones (quivered)
 k - 13 arrows
Armour
 a - a +0 robe (worn)
 g - a +0 pair of boots (worn)
 q - a +0 shield
Jewellery
 n - a ring of protection from magic (left hand)
Scrolls
 e - 2 scrolls of remove curse
Potions
 h - a potion of heal wounds {unknown}
 i - 2 potions of curing {unknown}
 l - 2 potions of lignification {unknown}
 o - a potion of resistance {unknown}
Books
 b - a book of Necromancy

   Spells                             Type                      Level
   a - Pain                           Necromancy                   1
   b - Animate Skeleton               Necromancy                   1
   c - Vampiric Draining              Necromancy                   3
   d - Regeneration                   Charms/Necromancy            3
   e - Animate Dead                   Necromancy                   4
   f - Control Undead                 Necromancy                   4
Comestibles
 c - a bread ration
 f - 2 fruits
 p - a chunk of flesh


   Skills:
 + Level 2.0 Dodging
 + Level 2.1 Stealth
 + Level 3.1 Spellcasting
 + Level 5.0 Necromancy


You had 3 spell levels left.
You knew the following spells:

 Your Spells              Type           Power        Failure   Level  Hunger
a - Pain                  Necr           ###.         2%          1    None
b - Animate Skeleton      Necr           N/A          2%          1    None
c - Regeneration          Chrm/Necr      ##........   21%         3    ###....


Dungeon Overview and Level Annotations

Branches:
Dungeon (2/15)

Altars:
Okawaru
Xom


Innate Abilities, Weirdness & Mutations

A weak demonic guardian rushes to your aid.
When hurt, damage is shared between your health and your magic reserves.


Message History

The jackal closely misses you. The jackal bites you. The jackal misses you.
Your quokka skeleton bites the jackal.
The jackal closely misses you.
The jackal bites you but does no damage.
The jackal barely misses you. The jackal barely misses you.
Found a stone staircase leading up.
The jackal barely misses you. The jackal bites you.
The jackal closely misses you.
There is a stone staircase leading up here.
You can't go down here!
The jackal closely misses you.
Your quokka skeleton closely misses the jackal.
You climb upwards.
There is a stone staircase leading down here.
The jackal bites you.
* * * LOW HITPOINT WARNING * * *
The jackal bites you.
You die...

...#### #.....##.####.....# #.#
......# #.#.#.#.......###.###.#
..###Z#####.#...........###......
..#.......#.###..................
..#.#.###.#......................
.%..Z.# #.######..#############..
.##.### #.# #>.# ### ...Z## #.#
#h.# ...Z.# #.# #@.#
####Z####.######..# ######
###.).............# #.....
#.................# #.####
....##.##.##.###### ### #.#
....##....##.##########.####.#
.....#.##.##...........#Z....#
....##.##.##..#########.######
..............# ###


You could see a jackal.

Vanquished Creatures
  2 adders (D:2)
  2 dart slugs (D:1)
  A giant gecko (D:2)
  A giant cockroach (D:2)
  3 goblins
  6 hobgoblins
  6 jackals
  2 quokkas (D:2)
  2 ball pythons
  4 bats
  A giant newt (D:1)
  2 kobolds
  3 rats
35 creatures vanquished.

Vanquished Creatures (collateral kills)
  A worm (D:2)
1 creature vanquished.

Grand Total: 36 creatures vanquished

Notes
Turn   | Place    | Note
--------------------------------------------------------------
     0 | D:1      | Skanax the Demonspawn Necromancer began the quest for the Orb.
     0 | D:1      | Reached XP level 1. HP: 13/13 MP: 3/3
    38 | D:1      | Learned a level 1 spell: Animate Skeleton
   112 | D:1      | Gained mutation: A weak demonic guardian rushes to your aid. [demonic ancestry]
   112 | D:1      | Reached XP level 2. HP: 10/19 MP: 0/5
  1364 | D:2      | Gained mutation: When hurt, damage is shared between your health and your magic reserves. [demonic ancestry]
  1364 | D:2      | Reached XP level 3. HP: 11/24 MP: 1/7
  1370 | D:2      | Learned a level 3 spell: Regeneration
  1482 | D:2      | Found a shimmering altar of Xom.
  1556 | D:2      | Found an iron altar of Okawaru.
  1821 | D:2      | Reached skill level 5 in Necromancy
  1834 | D:2      | HP: 1/24 [worm (10)]
  1861 | D:1      | HP: 1/24 [jackal (2)]
  1862 | D:1      | Slain by a jackal

Vault maps used:
D:1:      dpeg_arrival_orchard, st_stairs_12
D:2:      xom_teletrap_fun, okawaru_gym_becter

Skill      XL: |  1  2  3 |
---------------+----------+-----
Stealth        | 2 |  2.1
Dodging        | 2 |  2.0
Spellcasting   | 3 |  3.1
Necromancy     | 5 |  5.0

Action                   || total
-------------------------++-------
Melee: Unarmed           ||    30
Throw: Stone             ||    13
 Cast: Pain              ||    61
       Animate Skeleton  ||    14
  Use: Scroll            ||     6
 Stab: Distracted        ||     1
  Eat: Royal jelly       ||     1
       Chunk             ||     1
Armor: Robe              ||    15
Dodge: Dodged            ||    42
